 Dungeon Sprint DCSS version 0.18-a0-1788-g92de1ac (webtiles) character file.

228 wvc the Spear-Bearer (level 5, -13/41 HPs)
             Began as a Demonspawn Fighter on Apr 19, 2016.
             Was a Believer of Cheibriados.
             Mangled by an eight-headed hydra (14 damage)
             ... in the Dungeon (Sprint IX: "|||||||||||||||||||||||||||||").
             The game lasted 00:01:57 (400 turns).

wvc the Spear-Bearer (Demonspawn Fighter)            Turns: 400, Time: 00:01:58

Health: -13/41     AC:  9    Str: 25    XL:     5   Next: 70%
Magic:  0/5        EV: 10    Int: 14    God:    Cheibriados [**....]
Gold:   0          SH:  0    Dex: 21    Spells: 0 memorised, 4 levels left

rFire  . . .     SeeInvis .     a - +0 trident
rCold  . . .     Gourm    .     t - +2 ring mail
rNeg   . . .     Faith    .     (no shield)
rPois  .         Spirit   +     r - +0 helmet
rElec  .         Dismiss  .     (no cloak)
rCorr  .         Reflect  .     s - +0 pair of gloves
SustAt .         Harm     .     (no boots)
MR     .....     NoTele   +     (no amulet)
Stlth  +.........               u - +3 ring of strength
                                b - +3 ring of dexterity

@: very slightly contaminated, invisible, very slow, not resistant to hostile
enchantments, very unstealthy
A: hooves 1, magic shield
a: Bend Time, Renounce Religion


You were in the Dungeon.
You worshipped Cheibriados.
Cheibriados was pleased with you.
You were not hungry.

You visited 1 branch

Inventory:

Hand Weapons
 a - a +0 trident (weapon)
 q - a +2 halberd of venom
Armour
 c - a +0 shield
 r - a +0 helmet (worn)
 s - a +0 pair of gloves (worn)
 t - a +2 ring mail (worn)
Jewellery
 b - a +3 ring of dexterity (left hand)
 u - a +3 ring of strength (right hand)
Wands
 p - a wand of lightning (7/15)
Scrolls
 k - 2 scrolls of blinking
 n - 3 scrolls of remove curse
 o - 2 scrolls of amnesia
Potions
 d - a potion of might
 e - 5 potions of curing
 g - 3 potions of heal wounds
 h - a potion of haste
 i - 4 potions of magic
 j - a potion of berserk rage
Comestibles
 f - a bread ration


   Skills:
 - Level 3.0 Fighting
 * Level 10.9 Polearms
 - Level 2.6 Armour
 - Level 2.6 Shields


You had 4 spell levels left.
You didn't know any spells.

Dungeon Overview and Level Annotations

Branches:
Dungeon (1/1)

Altars:
Cheibriados
Dithmenos
Elyvilon
Fedhas
Gozag
Kikubaaqudgha
Makhleb
Nemelex Xobeh
Okawaru
Pakellas
Qazlal
Ru
Sif Muna
Trog
Vehumet
Xom
Yredelemnul
Zin
The Shining One
Beogh
Jiyva
Lugonu


Innate Abilities, Weirdness & Mutations

You have large cloven feet.
When hurt, damage is shared between your health and your magic reserves.


Message History

The eight-headed hydra barely misses you. x2
The eight-headed hydra misses you.
You are very lightly contaminated with residual magic.
Unknown command.
You barely miss the eight-headed hydra.
You kick the eight-headed hydra, but do no damage.
You strike the helpless eight-headed hydra from behind!
You puncture the eight-headed hydra!
You kick the eight-headed hydra, but do no damage.
The eight-headed hydra is moderately wounded.
The eight-headed hydra bites you! x2
* * * LOW HITPOINT WARNING * * *
The eight-headed hydra barely misses you.
The eight-headed hydra bites you but does no damage.
The eight-headed hydra bites you.
* * * LOW HITPOINT WARNING * * *
The eight-headed hydra bites you.
* * * LOW HITPOINT WARNING * * *
The eight-headed hydra bites you!
You die... ▓▓▓▓▓▓▓▓▓▓▓▓▓▓▓▓▓▓▓▓▓▓▓▓ .Fo9yhD@.....)..[..)|..' ▓▓▓▓▓▓▓▓▓▓▓▓▓▓▓▓▓▓▓▓▓▓▓▓

You could see an eight-headed hydra, a black bear, a gargoyle, a giant frog, a wasp and an orc.

Vanquished Creatures
  An ice beast (D)
  A howler monkey (D)
  A crimson imp (D)
  An orc wizard (D)
  An adder (D)
  2 shadow imps (D)
  A dart slug (D)
  A bat skeleton (D)
  A hobgoblin (D)
  A giant gecko zombie (D)
  3 giant newts (D)
  A jackal zombie (D)
  A kobold (D)
16 creatures vanquished.

Notes
Turn   | Place    | Note
--------------------------------------------------------------
     0 | D        | wvc the Demonspawn Fighter began the quest for the Orb.
     0 | D        | Reached XP level 1. HP: 18/18 MP: 1/1
     4 | D        | Reached skill level 2 in Polearms
    14 | D        | Reached skill level 3 in Polearms
    63 | D        | Noticed a howler monkey
    69 | D        | Killed a howler monkey
    69 | D        | Reached skill level 6 in Polearms
    69 | D        | Gained mutation: When hurt, damage is shared between your health and your magic reserves. [demonic ancestry]
    69 | D        | Reached XP level 2. HP: 21/24 MP: 2/2
    69 | D        | Reached XP level 3. HP: 26/29 MP: 3/3
    99 | D        | Reached skill level 7 in Polearms
   245 | D        | Found a glowing silver altar of Zin.
   245 | D        | Found a glowing golden altar of the Shining One.
   245 | D        | Found an ancient bone altar of Kikubaaqudgha.
   245 | D        | Found a basalt altar of Yredelemnul.
   245 | D        | Found a shimmering altar of Xom.
   245 | D        | Found a radiant altar of Vehumet.
   246 | D        | Found an iron altar of Okawaru.
   247 | D        | Found a burning altar of Makhleb.
   248 | D        | Found a deep blue altar of Sif Muna.
   249 | D        | Found a bloodstained altar of Trog.
   250 | D        | Found a sparkling altar of Nemelex Xobeh.
   251 | D        | Found a white marble altar of Elyvilon.
   252 | D        | Found a roughly hewn altar of Beogh.
   253 | D        | Found a viscous altar of Jiyva.
   254 | D        | Found a corrupted altar of Lugonu.
   255 | D        | Found a blossoming altar of Fedhas.
   256 | D        | Found a snail-covered altar of Cheibriados.
   257 | D        | Found a shadowy altar of Dithmenos.
   258 | D        | Found a stormy altar of Qazlal.
   259 | D        | Found an opulent altar of Gozag.
   260 | D        | Found a sacrificial altar of Ru.
   261 | D        | Found an oddly glowing altar of Pakellas.
   264 | D        | Became a worshipper of Cheibriados the Contemplative
   319 | D        | Noticed an ice beast
   324 | D        | Reached skill level 8 in Polearms
   324 | D        | Gained mutation: You have large cloven feet. [demonic ancestry]
   324 | D        | Reached XP level 4. HP: 35/35 MP: 4/4
   327 | D        | Reached * piety under Cheibriados
   332 | D        | Reached skill level 9 in Polearms
   334 | D        | Reached ** piety under Cheibriados
   340 | D        | Killed an ice beast
   340 | D        | Reached skill level 10 in Polearms
   340 | D        | Reached XP level 5. HP: 35/41 MP: 5/5
   391 | D        | Noticed a gargoyle
   391 | D        | Noticed an eight-headed hydra
   391 | D        | Noticed a wasp
   391 | D        | Noticed a black bear
   400 | D        | HP: 1/41 [eight-headed hydra (4)]
   400 | D        | Mangled by an eight-headed hydra

Vault maps used:
D:        linesprint

Skill      XL: |  1  2  3  4 |
---------------+-------------+-----
Polearms       | 6 8 10 | 10.9
Fighting       | |  3.0
Armour         | |  2.6
Shields        | |  2.6

Action                   |  1- 3 |  4- 6 || total
-------------------------+-------+-------++-------
Melee: Trident           |    52 |     7 ||    59
       Halberd           |     5 |    16 ||    21
       Kick              |       |    11 ||    11
  Use: Potion            |       |     1 ||     1
 Stab: Invisible         |       |     1 ||     1
Armor: Scale mail        |    17 |       ||    17
       Ring mail         |     4 |    12 ||    16
Dodge: Dodged            |    14 |    14 ||    28
Block: Shield            |    24 |       ||    24
